Map: Ever Dream LE

Players

Kelazhur

  • Race: Terran Terran
  • League: Master
  • Spawn Location: 7:00

SpeCial - Winner!

  • Race: Terran Terran
  • Spawn Location: 1:00

Event: DreamHack SC2 Masters 2020 Fall

VOD

Have the link to the VOD?

Description

Time

  • Played on: Aug. 30, 2020, 4:14 p.m.
  • Length: 15:09

All games in this series

Show
View Real Time Build Order
Export as new Build Order

Kelazhur Terran 

Build Orders: Gas First Reaper Expand, Banshee Rush 

Get SALT Encoding   

  12  0:00  SCV  
  13  0:12  SCV  
  14  0:17  Supply Depot  
  14  0:24  SCV  
  14  0:27  Refinery  
  15  0:38  SCV  
  16  0:44  Barracks  
  16  0:50  SCV  
  17  1:02  SCV  
  18  1:15  SCV  
  19  1:31  Reaper, Orbital Command  
  20  1:44  Command Center  
  20  1:54  Factory  
  20  1:58  SCV  
  21  2:04  Reaper  
  22  2:09  Supply Depot  
  22  2:11  SCV  
  23  2:18  Refinery  
  23  2:31  SCV  
  24  2:39  Hellion  
  24  2:42  Starport  
  24  2:43  SCV  
  27  2:48  Barracks Tech Lab  
  27  2:49  Supply Depot  
  27  2:55  SCV  
  27  2:57  Orbital Command  
  28  3:04  Widow Mine  
  30  3:10  SCV  
  31  3:21  Marine  
  31  3:24  SCV  
  33  3:33  SCV  
  32  3:35  Cloaking Field, Banshee  
  32  3:38  Factory Tech Lab  
  32  3:41  SCV  
  36  3:46  SCV  
  37  3:50  Refinery  
  37  3:51  Barracks Reactor  
  37  3:53  SCV  
  38  3:58  SCV  
  39  4:03  Cyclone  
  39  4:05  SCV, Command Center  
  43  4:10  SCV  
  44  4:17  SCV  
  44  4:20  Banshee  
  44  4:22  SCV  
  49  4:24  Supply Depot  
  49  4:29  Marine x2  
  49  4:30  SCV  
  52  4:34  SCV  
  53  4:43  SCV  
  53  4:44  Supply Depot  
  52  4:46  Cyclone  
  52  4:47  SCV  
  52  4:52  Marine x2  
  58  4:55  SCV  
  58  4:58  Supply Depot  
  58  4:59  SCV  
  60  5:07  SCV  
  60  5:11  SCV  
  62  5:19  SCV, Orbital Command  
  60  5:22  Siege Tank  
  60  5:26  Barracks x2  
  60  5:28  SCV, Engineering Bay  
  64  5:29  Refinery  
  64  5:30  Engineering Bay  
  64  5:31  SCV  
  64  5:34  Starport Reactor  
  65  5:36  Marine  
  65  5:37  Stimpack  
  65  5:40  SCV  
  65  5:42  Orbital Command  
  67  5:49  SCV  
  68  5:52  SCV  
  68  5:54  Siege Tank  
  68  5:56  Terran Infantry Weapons Level 1, Terran Infantry Armor Level 1  
  72  5:57  Marine  
  72  6:01  SCV  
  74  6:04  SCV  
  74  6:09  SCV  
  76  6:13  SCV, Marine x2  
  76  6:15  Marine  
  76  6:16  Barracks  
  78  6:18  SCV, Starport Reactor  
  78  6:20  Armory  
  78  6:21  SCV, Barracks  
  79  6:25  SCV  
  79  6:26  Marine x2  
  79  6:27  Siege Tank  
  79  6:30  SCV  
  79  6:31  Marine  
  87  6:36  Marine  
  87  6:39  SCV  
  89  6:40  Marine  
  89  6:43  Marine  
  89  6:44  Marine  
  89  6:45  SCV  
  93  6:47  Armory  
  93  6:49  Supply Depot  
  93  6:50  Marine  
  93  6:52  SCV  
  93  6:55  Marine  
  93  6:57  SCV  
  93  7:02  Supply Depot  
  93  7:07  SCV, Medivac  
  93  7:11  SCV, Medivac, Marine, Siege Tank  
  100  7:16  Marine  
  100  7:22  Orbital Command  
  93  7:25  SCV  
  85  7:31  Marine x4  
  85  7:32  SCV, Combat Shield  
  85  7:33  Marine  
  85  7:37  SCV, Medivac  
  89  7:44  SCV  
  89  7:49  SCV  
  89  7:50  Marine x4  
  92  7:51  SCV, Marine  
  92  7:52  Siege Tank  
  92  7:56  SCV  
  84  8:01  SCV  
  84  8:04  Barracks Reactor x2  
  84  8:05  SCV  
  83  8:08  SCV, Marine x2  
  83  8:09  Marine  
  86  8:13  SCV, Terran Infantry Weapons Level 2  
  86  8:14  Terran Infantry Armor Level 2  
  86  8:15  Refinery, Marine  
  86  8:17  SCV, Marine  
  88  8:20  SCV  
  88  8:25  SCV  
  90  8:28  Marine x3  
  90  8:29  SCV  
  90  8:33  SCV, Viking, Marine  
  98  8:35  Marine  
  98  8:38  SCV  
  98  8:40  Marine  
  98  8:43  Marine  
  98  8:46  Marine x2  
  101  8:58  Supply Depot  
  101  9:00  Supply Depot  
  101  9:03  Marine x2  
  101  9:04  Marine x2  
  101  9:05  Marine x3  
  101  9:06  Marine  
  101  9:07  Siege Tank  
  101  9:08  Orbital Command  
  101  9:09  Marine  
  73  9:21  Marine x3  
  73  9:22  Marine  
  73  9:23  Marine  
  75  9:31  Marine x4  
  77  9:33  Medivac x2  
  77  9:38  SCV x3  
  86  9:39  Marine, Siege Tank  
  86  9:44  Marine x4  
  94  9:48  Marine  
  94  9:49  Marine x2  
  97  9:53  Marine  
  97  9:56  Marine  
  99  10:01  Marine  
  99  10:02  Marine  
  99  10:03  Medivac x2  
  99  10:06  Marine  
  106  10:09  Marine  
  106  10:10  Marine x2  
  106  10:11  Marine, Siege Tank  
  106  10:13  Missile Turret  
  113  10:14  Marine x2  
  113  10:20  Marine x2  
  117  10:24  Marine  
  117  10:27  Marine  
  114  10:30  Marine  
  109  10:36  SCV x3, Marine  
  109  10:37  Marine x3  
  109  10:38  Marine  
  109  10:42  Supply Depot  
  117  10:44  Marine x2, Factory  
  117  10:45  Terran Infantry Weapons Level 3, Marine  
  117  10:48  SCV  
  121  10:50  Command Center  
  121  10:52  Medivac x2  
  125  11:03  Marine x2  
  125  11:04  SCV x2, Terran Infantry Armor Level 3  
  129  11:06  Marine  
  129  11:08  Marine  
  129  11:11  SCV  
  132  11:12  Marine  
  133  11:51  Factory Tech Lab  
  133  11:53  Refinery  
  133  11:58  Supply Depot x2  
  133  12:00  Supply Depot, Marine  
  133  12:01  Viking, SCV x2, Supply Depot, Marine x5, Siege Tank  
  147  12:09  Planetary Fortress  
  147  12:15  Siege Tank  
  149  12:18  Marine  
  149  12:19  Marine x5  
  149  12:22  Barracks  
  153  12:24  Barracks  
  153  12:33  Siege Tank  
  153  12:36  SCV x3, Marine  
  153  12:37  Marine x5  
  165  12:47  Medivac  
  165  12:48  SCV x2  
  169  12:54  Marine x6  
  164  13:11  Marine, Sensor Tower  
  164  13:12  Marine x4  
  166  13:17  Medivac  
  166  13:19  Marine  
  164  13:21  Marine  
  164  13:23  Marine  
  165  13:27  Starport  
  165  13:29  Marine x2  
  165  13:30  Marine x3, Siege Tank  
  173  13:37  Marine  
  170  13:42  Marine  
  170  13:43  Marine  
  170  13:47  Marine x2  
  170  13:48  Marine x2  
  161  13:49  Siege Tank  
  161  13:55  Marine  
  159  14:05  Medivac  
  159  14:08  Marine x7  
  168  14:11  Siege Tank  
  168  14:13  Marine  
  153  14:27  Marine x7  
  153  14:30  SCV  
  153  14:31  Marine  
  152  14:35  Medivac  
  142  14:45  Marine x5  
Show
View Real Time Build Order
Export as new Build Order

SpeCial Terran - Winner!

Build Orders: Cyclone Opening 

Get SALT Encoding   

  12  0:00  SCV  
  13  0:12  SCV  
  14  0:17  Supply Depot  
  14  0:24  SCV  
  15  0:38  SCV  
  15  0:41  Barracks  
  16  0:43  Refinery  
  16  0:50  SCV  
  16  0:53  Refinery  
  17  1:02  SCV  
  18  1:15  SCV  
  19  1:28  Reaper, Orbital Command  
  19  1:30  Supply Depot  
  20  1:41  Factory  
  20  1:54  SCV  
  20  2:00  Reaper  
  22  2:06  SCV  
  23  2:17  Command Center  
  23  2:19  SCV  
  24  2:25  Hellion  
  26  2:33  Barracks Tech Lab  
  26  2:34  SCV  
  27  2:38  Supply Depot  
  27  2:44  Starport  
  27  2:47  SCV  
  28  2:58  Cyclone  
  30  2:59  SCV  
  30  3:01  Barracks Tech Lab  
  31  3:11  SCV  
  32  3:21  Refinery  
  32  3:23  SCV  
  33  3:30  Orbital Command  
  33  3:31  Barracks Reactor  
  30  3:35  Banshee  
  30  3:37  SCV  
  34  3:47  Siege Tank  
  37  3:50  SCV  
  38  3:56  SCV, Supply Depot  
  38  4:02  SCV  
  40  4:08  Marine x2  
  40  4:09  SCV  
  43  4:14  SCV  
  44  4:20  Command Center  
  44  4:21  Raven  
  44  4:24  SCV  
  47  4:29  SCV, Marine x2  
  50  4:34  Siege Tank  
  53  4:38  SCV  
  53  4:41  SCV  
  53  4:43  Supply Depot  
  55  4:47  Marine x2  
  55  4:50  SCV  
  58  4:53  SCV  
  59  5:03  SCV  
  59  5:04  Raven  
  59  5:05  SCV, Marine x2  
  60  5:15  SCV  
  60  5:17  SCV  
  64  5:21  Siege Tank  
  64  5:23  Marine x2  
  64  5:27  SCV  
  67  5:30  SCV, Supply Depot  
  67  5:34  Orbital Command  
  68  5:39  SCV  
  68  5:42  SCV  
  71  5:44  Refinery  
  70  5:53  SCV, Siege Tank  
  70  5:54  SCV  
  70  5:55  Supply Depot  
  70  5:56  Viking x2  
  79  5:58  Marine  
  80  6:07  Orbital Command  
  80  6:09  Stimpack  
  80  6:16  Marine  
  81  6:19  SCV x2  
  81  6:23  Barracks x2  
  81  6:25  Siege Tank  
  86  6:31  SCV x2  
  88  6:33  SCV  
  88  6:34  Marine, Liberator  
  88  6:35  Engineering Bay x2  
  88  6:39  Viking  
  93  6:43  SCV x2  
  91  6:50  SCV  
  91  6:52  Marine  
  89  6:55  SCV  
  89  6:56  SCV  
  89  7:02  SCV  
  89  7:08  SCV x2  
  87  7:10  Marine  
  87  7:14  SCV  
  80  7:26  SCV, Liberator  
  80  7:27  Marine  
  80  7:28  Siege Tank  
  88  7:30  SCV  
  88  7:31  SCV  
  89  7:38  SCV  
  89  7:39  Viking  
  89  7:42  SCV  
  89  7:43  SCV  
  94  7:45  Marine  
  94  7:49  Barracks Reactor  
  94  7:50  SCV  
  96  7:52  Barracks x2  
  96  7:55  SCV x2  
  92  8:02  SCV  
  92  8:03  Barracks Reactor, Combat Shield, Marine  
  88  8:07  SCV  
  88  8:08  SCV  
  88  8:12  Refinery x2  
  90  8:14  SCV  
  90  8:19  SCV  
  94  8:20  SCV  
  94  8:21  Terran Infantry Weapons Level 1  
  94  8:27  SCV  
  94  8:31  SCV  
  94  8:32  SCV, Marine x3  
  99  8:39  SCV  
  100  8:42  Marine  
  101  8:50  Barracks Reactor x2, Supply Depot x2  
  101  8:51  Supply Depot  
  101  8:55  Terran Infantry Armor Level 1  
  101  8:57  Supply Depot  
  101  8:58  Barracks  
  101  9:01  Barracks, Sensor Tower  
  101  9:02  Missile Turret  
  101  9:04  Missile Turret  
  101  9:09  Marine  
  101  9:11  SCV x3, Marine x2, Siege Tank  
  101  9:12  Marine x2  
  111  9:17  Supply Depot  
  111  9:23  SCV x3  
  114  9:27  Marine  
  114  9:28  Armory  
  114  9:29  Marine  
  114  9:30  Marine x7  
  121  9:33  Command Center  
  121  9:41  Medivac  
  121  9:42  Medivac  
  121  9:43  Siege Tank  
  121  9:45  Marine  
  129  9:47  Marine x2  
  129  9:48  Marine  
  129  9:49  Marine  
  129  9:50  Supply Depot, Marine x2  
  129  9:52  Barracks Reactor x2  
  135  9:54  Marine  
  137  10:02  Factory  
  137  10:03  Marine  
  137  10:04  Marine  
  137  10:05  Marine x2  
  140  10:07  Marine  
  140  10:09  Barracks Reactor  
  140  10:10  Supply Depot  
  140  10:11  Medivac x2, Marine x2  
  140  10:12  Marine  
  148  10:16  Supply Depot x2  
  148  10:18  Terran Infantry Weapons Level 2  
  148  10:20  Supply Depot, Marine  
  149  10:23  Marine x3  
  149  10:32  Marine x6  
  149  10:34  Marine x2  
  154  10:37  Terran Vehicle Weapons Level 1  
  154  10:38  Marine, Sensor Tower  
  154  10:41  Medivac, Marine x3  
  160  10:45  Marine  
  160  10:48  Siege Tank  
  160  10:49  Marine, Siege Tank  
  167  10:51  Medivac  
  167  10:52  Marine  
  167  10:54  Marine  
  172  10:58  Terran Infantry Armor Level 2  
  172  11:00  Marine x3  
  172  11:02  Marine x2  
  172  11:03  Marine  
  178  11:08  Marine  
  178  11:10  Planetary Fortress, Marine  
  179  11:13  Marine  
  179  11:14  Marine  
  181  11:19  Marine  
  181  11:20  Siege Tank  
  181  11:22  Medivac  
  181  11:23  Marine x2  
  181  11:24  Marine x3  
  181  11:25  Marine  
  192  11:32  Marine  
  191  11:34  Siege Tank  
  194  11:40  Marine  
  194  11:41  Missile Turret  
  194  11:43  Missile Turret  
  194  11:44  Marine  
  196  11:53  Command Center  
  196  12:03  Marine  
  196  12:05  Marine  
  196  12:19  Marine  
  196  12:29  Marine  
  196  12:30  Missile Turret  
  196  12:36  Marine  
  196  12:38  Supply Depot  
  196  12:40  Supply Depot  
  196  12:46  Supply Depot  
  196  12:53  Starport  
  196  12:54  Starport  
  196  12:55  Marine  
  196  12:56  Marine x5  
  196  12:57  Marine x6  
  196  12:58  Marine x2, Siege Tank  
  195  12:59  Siege Tank  
  195  13:05  Medivac x2  
  197  13:13  Marine  
  197  13:14  Marine x2  
  197  13:20  Marine x2  
  197  13:24  Marine  
  196  13:27  Marine x3  
  196  13:33  Planetary Fortress, Marine x3  
  193  13:35  Siege Tank  
  193  13:37  Marine, Starport Tech Lab  
  193  13:40  Marine x2  
  194  13:42  Marine x2  
  194  13:43  Marine x3  
  194  13:45  Marine  
  200  13:52  Marine  
  200  13:53  Marine  
  200  13:54  Orbital Command  
  195  13:56  Marine x2  
  195  13:57  Marine  
  195  13:59  Siege Tank  
  195  14:00  Starport Tech Lab  
  200  14:14  Marine x2  
  200  14:16  Marine  
  200  14:17  Marine x2  
  196  14:20  Marine  
  196  14:22  Marine  
  181  14:25  Raven  
  181  14:26  Raven  
  181  14:27  Marine x2  
  181  14:31  Marine x5, Siege Tank  
  183  14:32  Marine x2  
  183  14:34  Marine x2  
  183  14:35  Marine  
  186  14:38  Marine  
  186  14:40  Marine  
  186  14:44  Marine x2  
  185  14:49  Marine x3  
  185  14:50  Marine  

Tags
 
Add a new tag
Caveats
  • Supply blocks, unpowered buildings, or Contaminate may cause inaccurate times.
  • Supply counts are checked every 10 seconds.